 Dungeon Crawl Stone Soup version 0.18.0-1-g0107ab7 (webtiles) character file.

36 Chiseanne the Magician (level 3, 24/24 HPs)
             Began as a Demonspawn Wizard on May 5, 2016.
             Quit the game on level 2 of the Dungeon.
             The game lasted 00:03:21 (1042 turns).

Chiseanne the Magician (Demonspawn Wizard)          Turns: 1042, Time: 00:03:22

Health: 24/24      AC:  4    Str:  7    XL:     3   Next: 19%
Magic:  8/8        EV: 12    Int: 20    God:
Gold:   0          SH:  0    Dex: 11    Spells: 2 memorised, 6 levels left

rFire  . . .     SeeInvis .     g - +0 dagger
rCold  . . .     Gourm    .     a - +0 robe
rNeg   . . .     Faith    .     (no shield)
rPois  .         Spirit   .     b - +0 hat
rElec  .         Dismiss  .     (no cloak)
rCorr  .         Reflect  .     (no gloves)
SustAt .         Harm     .     (no boots)
MR     +....                    (no amulet)
Stlth  ++........               (no ring)
                                j - ring of protection from magic

@: somewhat resistant to hostile enchantments, unstealthy
A: talons 1, thin metallic scales 1
a: no special abilities


You were on level 2 of the Dungeon.
You were not hungry.

You visited 1 branch of the dungeon, and saw 3 of its levels.

Inventory:

Hand Weapons
 g - a +0 dagger (weapon)
Missiles
 f - 14 poisoned needles
 i - 19 stones (quivered)
 k - 16 sling bullets
Armour
 a - a +0 robe (worn)
 b - a +0 hat (worn)
Jewellery
 j - a ring of protection from magic (left hand)
 m - a +4 ring of strength {unknown}
Potions
 e - a potion of might
Books
 c - a book of Minor Magic

   Spells                             Type                      Level
   a - Magic Dart                     Conjuration                  1
   b - Blink                          Translocation                2
   c - Call Imp                       Summoning                    2
   d - Repel Missiles                 Charms/Air                   2
   e - Slow                           Hexes                        2
   f - Conjure Flame                  Conjuration/Fire             3
   g - Mephitic Cloud                 Conjuration/Poison/Air       3
Comestibles
 d - a bread ration
 h - a meat ration
 l - a chunk of flesh


   Skills:
 - Level 1.7 Dodging
 - Level 1.7 Stealth
 * Level 3.5 Spellcasting
 * Level 2.3 Conjurations
   Level 1.0 Summonings
 - Level 0.8 Translocations


You had 6 spell levels left.
You knew the following spells:

 Your Spells              Type           Power        Failure   Level  Hunger
a - Magic Dart            Conj           ##..         6%          1    None
b - Blink                 Tloc           N/A          17%         2    ##.....


Dungeon Overview and Level Annotations

Branches:
Dungeon (3/15)

Altars:


Innate Abilities, Weirdness & Mutations

You have sharp toenails.
You are partially covered in thin metallic scales (AC +2).


Message History

a club; a rat corpse; a jackal corpse You hit the kobold.
You kill the kobold!
You puncture the hobgoblin!
You kill the hobgoblin!
The worm barely misses you.
You see here a club.
You puncture the worm! You claw the worm.
The worm is almost dead.
You puncture the worm!
You kill the worm!
You see here a club.
Things that are here:
a club; a rat corpse; a jackal corpse You butcher the rat corpse.
l - a chunk of flesh
Things that are here:
a club; a rat skeleton; a jackal corpse You feel a little less mighty now.
Are you sure you want to abandon this character and quit the game? (Confirm with "yes".)

#....#... ..........
........... ............
#....#...... .........##.
##...... ... ). ..
......# ... ##.#...
##....#####.# .......
##$.........# .......
##(...#..##.######.......
#.............)@........
##.r.#.(.##.######.......
...#..(#..#..# .......
###..####.g..# .....$.
#...## #.................
..### #............######
.# #............# ##
#............# .#
##..........#


There were no monsters in sight!

Vanquished Creatures
  An ooze (D:1)
  A worm (D:2)
  2 giant cockroaches (D:1)
  5 goblins (D:1)
  4 hobgoblins
  2 jackals (D:2)
  5 kobolds
  A bat (D:1)
  A giant newt (D:1)
  3 rats
25 creatures vanquished.

Notes
Turn   | Place    | Note
--------------------------------------------------------------
     0 | D:1      | Chiseanne the Demonspawn Wizard began the quest for the Orb.
     0 | D:1      | Reached XP level 1. HP: 13/13 MP: 4/4
   264 | D:1      | Gained mutation: You are partially covered in thin metallic scales (AC +2). [demonic ancestry]
   264 | D:1      | Reached XP level 2. HP: 19/19 MP: 4/6
   588 | D:1      | You fall through a shaft!
   730 | D:1      | Learned a level 2 spell: Blink
   874 | D:2      | Gained mutation: You have sharp toenails. [demonic ancestry]
   874 | D:2      | Reached XP level 3. HP: 10/24 MP: 8/8
  1042 | D:2      | Quit the game

Skill      XL: |  1  2 |
---------------+-------+-----
Conjurations   | 2 |  2.3
Dodging        | |  1.7
Stealth        | |  1.7
Spellcasting   | |  3.5
Summonings     | |  1.0
Translocations | |  0.8

Action                   || total
-------------------------++-------
Melee: Unarmed           ||    16
       Dagger            ||    46
       Kick              ||     1
 Cast: Magic Dart        ||    32
       Blink             ||     1
  Use: Scroll            ||     3
       Potion            ||     1
Armor: Robe              ||    23
Dodge: Dodged            ||    55
